 Dungeon Crawl Stone Soup version 0.29.1-4-g47bece8355 (webtiles) character file.

Game seed: 8153463902133818161

798 safid the Skirmisher (level 7, -2/66 HPs)
             Began as a Minotaur Hunter on Dec 1, 2022.
             Was a Follower of Okawaru.
             Splashed by a jelly's acid (8 damage)
             ... on level 5 of the Dungeon.
             The game lasted 00:06:25 (4830 turns).

safid the Skirmisher (Minotaur Hunter)              Turns: 4830, Time: 00:06:26

Health: -2/66      AC:  0    Str: 15    XL:     7   Next: 58%
Magic:  6/6        EV: 12    Int:  6    God:    Okawaru [*.....]
Gold:   191        SH:  0    Dex: 16    Spells: 6/6 levels left

rFire   . . .      SeeInvis .   a - +0 shortbow
rCold   . . .      Faith    .   (shield currently unavailable)
rNeg    . . .      Spirit   .   c - +0 leather armour
rPois   .          Reflect  .   (helmet restricted)
rElec   .          Harm     .   n - +0 cloak
rCorr   .          Rampage  .   (no gloves)
Will    .....                   (no boots)
Stlth   +.........              (no amulet)
HPRegen 0.21/turn               (no ring)
MPRegen 0.10/turn               (no ring)

@: corroded
A: horns 2, retaliatory headbutt
a: Renounce Religion, Heroism


You were on level 5 of the Dungeon.
You worshipped Okawaru.
Okawaru was aware of your devotion.
You visited 2 branches of the dungeon, and saw 6 of its levels.

You collected 191 gold pieces.

Inventory:

Hand Weapons
 a - a +0 shortbow (weapon)
Armour
 c - a +0 leather armour (worn)
 n - a +0 cloak (worn)
Jewellery
 k - a ring of fire
 t - a ring of resist corrosion
Scrolls
 b - 2 scrolls of immolation
 e - a scroll of blinking {unknown}
 f - 2 scrolls of torment {unknown}
 g - 2 scrolls of vulnerability {unknown}
 h - 2 scrolls of identify {unknown}
 j - a scroll of enchant weapon {unknown}
 l - a scroll of teleportation {unknown}
 o - a scroll of magic mapping {unknown}
 p - a scroll of silence {unknown}
 q - a scroll of butterflies {unknown}
 s - a scroll of acquirement {unknown}
 u - a scroll of fear {unknown}
Potions
 d - a potion of mutation {unknown}
 i - 5 potions of curing {unknown}
 m - a potion of berserk rage {unknown}
 r - 2 potions of haste {unknown}
 v - a potion of lignification {unknown}


   Skills:
 + Level 7.6 Fighting
 + Level 8.0 Ranged Weapons
 - Level 2.1 Dodging
 - Level 0.7 Stealth


You had 6 spell levels left.
You didn't know any spells.
Your spell library contained the following spells:

 Spells                   Type           Power      Damage    Failure   Level
 Magic Dart               Conj           0%         1d3       52%         1
 Confusing Touch          Hex            0%         N/A       88%         3
 Mephitic Cloud           Conj/Pois/Air  0%         N/A       88%         3
 Yara's Violent Unravell  Hex/Tmut       0%         3d3       100%        5
 Enfeeble                 Hex            0%         N/A       100%        7
 Call Imp                 Summ           Unusable   N/A       N/A         2

Dungeon Overview and Level Annotations

Branches:
Dungeon (5/15)             Temple (1/1) D:4

Altars:
Ashenzari
Cheibriados
Dithmenos
Elyvilon
Fedhas
Gozag
Hepliaklqana
Kikubaaqudgha
Makhleb
Okawaru
Ru
Uskayaw
Vehumet
Wu Jian
Xom
Yredelemnul
Zin
The Shining One


Innate Abilities, Weirdness & Mutations

You have a pair of horns on your head.
You reflexively headbutt those who attack you in melee.


Message History

The arrow hits the orc but does no damage.
The orc is lightly wounded.
Something hits you but does no damage. The orc hits you but does no damage.
You shoot an arrow. The arrow closely misses the orc.
The orc barely misses you.
You shoot an arrow. The arrow hits the orc.
The orc is severely wounded.
Something hits you. The orc misses you. You furiously retaliate!
You headbutt the orc. You miss something. Your headbutt misses something.
The jelly barely misses you. Something hits you. The orc misses you.
You furiously retaliate!
You headbutt the orc.
You kill the orc!
Okawaru accepts your kill. The jelly hits you but does no damage.
Something hits you but does no damage.
You miss something. Your headbutt misses something. The jelly hits you.
The acid corrodes you!
You are splashed with acid!
The orc wizard gestures wildly while chanting.
The orc wizard flickers and vanishes!
Something hits you.
You closely miss something. You headbutt something. The jelly hits you.
You are splashed with acid!
Something hits you. The jelly hits you.
You are splashed with acid!
You hear some strange, mumbled words.
A magic dart appears from out of thin air!
The magic dart hits you.
* * * LOW HITPOINT WARNING * * *
You clumsily bash something but do no damage.
Your headbutt misses something. The jelly barely misses you.
Something hits you.
* * * LOW HITPOINT WARNING * * *
The jelly attacks as you move away! The jelly closely misses you.
Something hits you.
* * * LOW HITPOINT WARNING * * *
Something barely misses you. Something hits you.
* * * LOW HITPOINT WARNING * * *
The jelly attacks as you move away! The jelly hits you.
* * * LOW HITPOINT WARNING * * *
You are splashed with acid!
You die...

#........ #.......# #
#.# #......)##.# #.#
#..........# #.#
#.......#..# #.#
#.......# .# #.#
#.......#..#
##.#########J{...#
#####....## #@##.##
..........## #.##.#
#####.#.##.#####.##.#
......##.##......##.#
......#.##.####..##.#
........#.## #..##.#
......##.## #..##.#
..........#####..##.###
......................#


You could see a jelly.

Vanquished Creatures
  An ice beast (D:5)
  A black bear (D:5)
  A centaur (D:5)
  2 scorpions (D:4)
  An orc priest (D:4)
  3 hounds (D:5)
  A jelly (D:5)
  2 iguanas (D:5)
  5 gnolls
  7 adders
  6 worms
  2 dart slugs
  16 orcs
  6 endoplasms
  A giant cockroach (D:1)
  3 goblins
  4 hobgoblins
  4 jackals
  5 kobolds
  A quokka (D:3)
  4 ball pythons
  2 bats
  7 frilled lizards
  8 rats
93 creatures vanquished.

Vanquished Creatures (others)
  6 plants (D:2)
6 creatures vanquished.

Grand Total: 99 creatures vanquished

Notes
Turn   | Place    | Note
-------+----------+-------------------------------------------
     0 | D:1      | safid the Minotaur Hunter began the quest for the Orb.
     0 | D:1      | Reached XP level 1. HP: 18/18 MP: 0/0
   294 | D:1      | Reached XP level 2. HP: 24/25 MP: 1/1
   722 | D:2      | Reached skill level 5 in Ranged Weapons
   722 | D:2      | Reached XP level 3. HP: 29/31 MP: 2/2
   934 | D:2      | Reached XP level 4. HP: 40/40 MP: 3/3
  1145 | D:2      | Found a faded altar of an unknown god.
  1879 | D:3      | Reached XP level 5. HP: 47/47 MP: 4/4
  2170 | D:4      | Reached skill level 5 in Fighting
  2170 | D:4      | Reached skill level 6 in Ranged Weapons
  2852 | D:4      | Reached XP level 6. HP: 34/57 MP: 5/5
  3138 | D:4      | Found a staircase to the Ecumenical Temple.
  3145 | Temple   | Entered the Ecumenical Temple
  3427 | Temple   | Became a worshipper of Warmaster Okawaru
  3624 | D:5      | Entered Level 5 of the Dungeon
  3653 | D:5      | Reached skill level 7 in Ranged Weapons
  3817 | D:5      | Identified the +6 short sword "Glorpo" {venom, *Noise Fly
                  | rC+ rCorr}
  4022 | D:5      | Reached XP level 7. HP: 58/64 MP: 6/6
  4517 | D:5      | Reached * piety under Okawaru
  4807 | D:5      | Reached skill level 8 in Ranged Weapons
  4830 | D:5      | Splashed by a jelly's acid

Illustrated notes

Levels and vault maps discovered:
D:1:      minmay_arrival_loop, layout_loops_ring, solitary_fountain,
          nicolae_grassy_gnolls
D:2:      layout_rooms, dilly_ecumenical_altar_fadedgnrine,
          minmay_split_cup_small
D:3:      layout_basic, kennysheep_cluttered_room,
          chequers_serial_rivers_large_a
D:4:      layout_loops_ring, temple_statues, minmay_misc_feat_iff
D:5:      layout_loops_ring
Temple:   hc_temple_tempest_star

Skill      XL: |  1  2  3  4  5  6  7 |
---------------+----------------------+-----
Fighting       | 3 4 5 6 7 |  7.6
Ranged Weapons | 5 6 7 8 |  8.0
Dodging        | |  2.1
Stealth        | |  0.7

Action                   |  1- 3 |  4- 6 |  7- 9 || total
-------------------------+-------+-------+-------++-------
Melee: Shortbow          |       |       |     4 ||     4
       Headbutt          |       |       |     1 ||     1
 Fire: Shortbow          |    71 |   164 |    55 ||   290
Armor: Leather armour    |     7 |    20 |    17 ||    44
Dodge: Dodged            |     9 |    62 |    27 ||    98
